 Dungeon Crawl Stone Soup version 0.18-a0-1471-gbbaf034 (webtiles) character file.

1581 MrRokkomies the Poker (level 8, -6/68 HPs)
             Began as a Demigod Summoner on Mar 2, 2016.
             Killed from afar by an electric eel (11 damage)
             ... with a bolt of electricity
             ... on level 6 of the Dungeon.
             The game lasted 00:25:48 (9261 turns).

MrRokkomies the Poker (Demigod Summoner)            Turns: 9261, Time: 00:25:48

Health: -6/68      AC: 10    Str: 11    XL:     8   Next: 34%
Magic:  13/13      EV: 12    Int: 28    God:
Gold:   432        SH:  0    Dex: 16    Spells: 3 memorised, 4 levels left

rFire  . . .     SeeInvis .     a - +0 hunting sling
rCold  . . .     Gourm    .     I - +0 ring mail
rNeg   . . .     Faith    .     (no shield)
rPois  .         Spirit   .     w - +2 helmet
rElec  .         Dismiss  .     (no cloak)
rCorr  .         Reflect  .     (no gloves)
SustAt +         Harm     .     e - +1 pair of boots
MR     .....                    D - amulet of magic regeneration
Stlth  +.........               (no ring)
                                q - +5 ring of intelligence

@: heavily drained, not resistant to hostile enchantments, very unstealthy
A: high mp 1, sustain attributes
a: no special abilities


You were on level 6 of the Dungeon.
You were not hungry.

You visited 1 branch of the dungeon, and saw 6 of its levels.

You collected 432 gold pieces.

Inventory:

Hand Weapons
 a - a +0 hunting sling (weapon)
 b - a +1 halberd
 G - a +0 shortbow
Missiles
 f - 13 arrows of frost
 h - 261 stones
 l - 4 silver sling bullets
 p - 3 throwing nets
 x - 18 poisoned sling bullets (quivered)
 B - 37 poisoned needles
 J - 39 arrows
Armour
 e - a +1 pair of boots (worn)
 w - a +2 helmet (worn)
 I - a +0 ring mail (worn)
Jewellery
 q - a +5 ring of intelligence (left hand)
 D - an amulet of magic regeneration (around neck)
Wands
 d - a wand of hasting (8/9)
Scrolls
 k - 2 scrolls of enchant armour
 u - 3 scrolls of teleportation
 v - a scroll of recharging
 y - a scroll of noise
 z - 4 scrolls of remove curse
 E - a scroll of amnesia {unknown}
 F - 2 scrolls of identify
Potions
 i - a potion of ambrosia
 m - a potion of brilliance
 n - a potion of flight
 o - a potion of heal wounds
 r - a potion of curing
 t - a potion of might {unknown}
 C - a potion of cancellation {unknown}
Books
 g - a book of Callings

   Spells                             Type                      Level
   a - Summon Small Mammal            Summoning                    1
   b - Call Imp                       Summoning                    2
   c - Call Canine Familiar           Summoning                    3
   d - Summon Guardian Golem          Hexes/Summoning              3
   e - Summon Lightning Spire         Summoning/Air                4
   f - Summon Ice Beast               Ice/Summoning                4
 s - a book of Spatial Translocations

   Spells                             Type                      Level
   a - Apportation                    Translocation                1
   b - Blink                          Translocation                2
   c - Shroud of Golubria             Charms/Translocation         2
   d - Portal Projectile              Translocation                3
   e - Teleport Other                 Translocation                3
   f - Passage of Golubria            Translocation                4
Comestibles
 c - 4 bread rations
 j - 4 fruits
 A - a meat ration


   Skills:
 - Level 5.0(3.7) Fighting
 * Level 6.8(5.4) Polearms
 * Level 4.8(3.5) Dodging
 - Level 1.7(0.6) Stealth
 - Level 1.7(0.6) Spellcasting
 - Level 4.0(2.7) Summonings


You had 4 spell levels left.
You knew the following spells:

 Your Spells              Type           Power        Failure   Level  Hunger
a - Summon Small Mammal   Summ           ###.         12%         1    ##.....
b - Call Imp              Summ           ###.....     14%         2    ###....
c - Call Canine Familiar  Summ           ###.....     30%         3    ####...


Dungeon Overview and Level Annotations

Branches:
Dungeon (6/15)             Temple (0/1) D:6


Innate Abilities, Weirdness & Mutations

You have an increased reservoir of magic (+10% MP).
Your attributes are resistant to harm.


Message History

The poisoned sling bullet barely misses the electric eel.
You hear a splash.
An electric eel comes into view.
Firing (i - inventory. (,) - cycle):
x - 19 poisoned sling bullets (quivered)
Press: ? - help, Shift-Dir - straight line, f/p - electric eel
Aim: an electric eel You shoot a poisoned sling bullet.
The poisoned sling bullet barely misses the electric eel.
You hear a splash.
The electric eel shoots out a bolt of lightning at you!
The bolt of electricity hits the electric eel.
The electric eel completely resists.
The bolt of electricity hits you! x2
The electric eel shoots out a bolt of lightning at you!
The bolt of electricity hits you!
* * * LOW HITPOINT WARNING * * *
The bolt of electricity hits you!
* * * LOW HITPOINT WARNING * * *
The electric eel shoots out a bolt of lightning at you!
The bolt of electricity hits you!
You die...

......#...##
#.....##.......
......###..###
#..............
......# ##...##
#######..######
......# ##...##
###..# ......7
###..### ####....##
## .....77
##...###.....#..##
#. ...777
##......###.##..###.
##77
##..#####...###.##[
≈ #@...# #.⌠.# #..##


Pz≈ #.##.###...####..# ≈≈≈z≈ 7..##.)........##.# ≈≈≈P≈ ≈;.)##..⌠..>..⌠.###.
≈;≈≈≈ ;≈...####.........# ## ..z(. ....... ####...#### # ≈S≈≈≈ (≈≈≈.P# #.⌠.#
≈≈≈≈≈ ≈≈≈≈.≈ #...# ≈≈≈≈≈ ≈≈≈≈.≈ ##### You could see an electric eel.

Vanquished Creatures
  Menkaure (D:5)
  Edmund (D:6)
  An orc warrior (D:4)
  A sky beast (D:6)
  An ice beast (D:6)
  An ogre (D:6)
  A giant frog (D:6)
  4 wights (D:6)
  2 howler monkeys
  2 crimson imps
  2 hounds (D:4)
  A jelly (D:5)
  An orc wizard (D:5)
  An iguana (D:5)
  A worker ant (D:4)
  Ijyb (D:2)
  A hound skeleton (D:5)
  10 gnolls
  11 adders
  A shadow imp (D:6)
  2 oozes
  2 adder skeletons
  2 worms
  3 dart slugs
  4 giant geckos
  9 orcs
  13 bats
  4 giant cockroaches (D:2)
  20 goblins
  8 hobgoblins
  14 jackals
  5 kobolds
  5 quokkas
  3 ball pythons
  9 giant newts
  7 rats
155 creatures vanquished.

Vanquished Creatures (collateral kills)
  A giant frog (D:6)
  A crimson imp (D:5)
  A worker ant (D:4)
  A hound skeleton (D:4)
  Robin (D:2)
  An adder (D:2)
  A gnoll (D:6)
  A worm (D:3)
  A giant gecko (D:1)
  A giant cockroach (D:2)
  3 goblins (D:2)
  2 hobgoblins (D:2)
  4 jackals
  A giant newt (D:4)
20 creatures vanquished.

Grand Total: 175 creatures vanquished

Notes
Turn   | Place    | Note
--------------------------------------------------------------
     0 | D:1      | MrRokkomies the Demigod Summoner began the quest for the Orb.
     0 | D:1      | Reached XP level 1. HP: 14/14 MP: 5/5
   404 | D:1      | Reached skill level 1 in Fighting
   716 | D:1      | Reached XP level 2. HP: 15/23 MP: 4/7
   724 | D:1      | Learned a level 2 spell: Call Imp
  1341 | D:2      | Reached XP level 3. HP: 21/29 MP: 8/8
  1784 | D:2      | Reached skill level 1 in Polearms
  2213 | D:2      | Noticed Ijyb
  2250 | D:2      | Killed Ijyb
  2250 | D:2      | Reached XP level 4. HP: 14/36 MP: 2/9
  2582 | D:2      | Reached skill level 2 in Polearms
  2994 | D:2      | Learned a level 3 spell: Call Canine Familiar
  3128 | D:2      | Noticed Robin
  3401 | D:2      | Killed Robin
  3567 | D:2      | Reached XP level 5. HP: 29/45 MP: 10/10
  4554 | D:3      | Reached skill level 3 in Polearms
  4807 | D:3      | Found a shimmering altar of Xom.
  4808 | D:3      | Found a burning altar of Makhleb.
  5624 | D:4      | Reached XP level 6. HP: 52/52 MP: 11/11
  5739 | D:4      | Reached skill level 4 in Polearms
  6445 | D:5      | Entered Level 5 of the Dungeon
  7007 | D:5      | Noticed Menkaure
  7031 | D:5      | Killed Menkaure
  7031 | D:5      | Reached XP level 7. HP: 54/60 MP: 8/12
  7228 | D:5      | Found a blossoming altar of Fedhas.
  7243 | D:5      | Reached skill level 5 in Fighting
  7243 | D:5      | Reached skill level 5 in Polearms
  7260 | D:5      | Found a stormy altar of Qazlal.
  8319 | D:6      | Noticed Edmund
  8354 | D:6      | Killed Edmund
  8354 | D:6      | Reached skill level 6 in Polearms
  8354 | D:6      | Reached XP level 8. HP: 62/68 MP: 13/13
  8768 | D:6      | Found a staircase to the Ecumenical Temple.
  9261 | D:6      | Killed from afar by an electric eel

Vault maps used:
D:1:      zelgadis_glass_arrival_small
D:2:      kennysheep_goblin_castle, minmay_joined_circles, uniq_iyjb
D:3:      grunt_temple_overflow_champion_of_chaos
D:4:      serial_glass, glass_columns_a, glass_columns_a, item_on_display_a,
          minmay_strange_pillars, minmay_strange_pillars
D:5:      grunt_temple_overflow_forces_of_nature, first_bread,
          kennysheep_generic_room_10, uniq_menkaure
D:6:      minmay_temple_entry_junction, serial_bayou_lagoon_b, uniq_edmund

Skill      XL: |  1  2  3  4  5  6  7  8 |
---------------+-------------------------+-----
Fighting       | 1 2 3 4 5 |  5.0
Summonings     | 4 |  4.0
Polearms       | 1 2 3 4 6 |  6.8
Dodging        | 3 4 |  4.8
Stealth        | |  1.7
Spellcasting   | |  1.7

Action                   |  1- 3 |  4- 6 |  7- 9 || total
-------------------------+-------+-------+-------++-------
Melee: Short sword       |    33 |       |       ||    33
       Unarmed           |     2 |       |       ||     2
       Spear             |   128 |   193 |       ||   321
       Halberd           |       |   228 |   139 ||   367
 Fire: Hunting sling     |       |     5 |     9 ||    14
Throw: Throwing net      |       |       |     1 ||     1
       Stone             |       |       |     1 ||     1
 Cast: Summon Small Mamm |     7 |       |       ||     7
       Call Imp          |     7 |     4 |       ||    11
       Call Canine Famil |       |     8 |    10 ||    18
  Use: Scroll            |     5 |    12 |     2 ||    19
       Potion            |     1 |     2 |       ||     3
 Stab: Sleeping          |     8 |    11 |     1 ||    20
       Distracted        |     1 |     1 |       ||     2
  Eat: Chunk             |     5 |    16 |     5 ||    26
       Meat ration       |       |     1 |     1 ||     2
